Wild vs Oilers

Created - March 22, 2017 at 18:04

Goals
1 2 3 T
Wild 0 0 1 1
Oilers 1 1 3 5
Shots
1 2 3 T
Wild 5 7 16 28
Oilers 11 11 12 34

1st period

1. Oilers , Brad Marchand 46 (Brent Burns, Blake Wheeler) at 7:57

Penalties :
Jeff Petry (MIN) for Roughing (Minor) at 1:11, Alexander Edler (MIN) for High sticking (Minor) at 3:26, Matt Read (EDM) for High sticking (Minor) at 9:24, Ryan Getzlaf (EDM) for Holding (Minor) at 16:38

2nd period

2. Oilers , Aleksander Barkov 38 (Jannik Hansen, Justin Williams) at 6:00

Penalties :
Alex Petrovic (EDM) for Fighting (Major) at 1:42, Jimmy Hayes (MIN) for Fighting (Major) at 1:42, Nicklas Grossmann (EDM) for Hooking (Minor) at 12:17

3rd period

3. Oilers , Francois Beauchemin 12 (Brent Burns, Ryan Getzlaf) at 1:16 (PP)
4. Wild , Eric Staal 25 (Jason Pominville, Carl Gunnarsson) at 8:39
5. Oilers , Ryan Getzlaf 19 (Francois Beauchemin) at 12:29
6. Oilers , Brent Burns 11 (Jori Lehtera, Brad Marchand) at 18:06

Penalties :
Ryan Miller (MIN) for Slashing (Minor) at 0:51 - Carl Gunnarsson served the penalty., Jimmy Hayes (MIN) for High sticking (Minor) at 2:21, Marian Gaborik (MIN) for Hooking (Minor) at 13:01, Ryan Getzlaf (EDM) for Fighting (Major) at 15:54, Alex Biega (MIN) for Fighting (Major) at 15:54

Goalie Stats

Ryan Miller (MIN), 29 saves from 34 shots - (0.853), L, 23-28-5, 60:00 minutes
Martin Jones (EDM), 27 saves from 28 shots - (0.964), W, 43-12-1, 60:00 minutes

Players Stats for Wild

Player Name              G  A  P  +/- PIM S  H  SB GA TA FO     MP     PP MP  PK MP  
------------------------------------------------------------------------------------
Alex Biega               0  0  0  -1  5   0  1  0  0  0  0/0    14:05   0:00   5:51 
Alexander Edler          0  0  0   0  2   2  2  2  0  0  0/0    26:06   3:25   2:27 
Carl Gunnarsson          0  1  1   0  0   0  1  0  0  0  0/0    24:14   0:00   4:15 
Colin McDonald           0  0  0   0  0   0  1  0  0  0  0/0     6:13   0:28   2:48 
Eric Staal               1  0  1  -3  0   7  1  0  0  0  21/38  20:04   3:02   0:00 
Jason Pominville         0  1  1  -3  0   4  1  1  0  0  1/1    19:13   2:34   0:00 
Jason Spezza             0  0  0   0  0   4  0  0  0  0  15/30  21:23   2:55   0:00 
Jeff Petry               0  0  0  -2  2   0  3  0  0  0  0/0    20:10   2:32   0:11 
Jimmy Hayes              0  0  0   0  7   0  2  0  0  0  1/1     7:13   0:00   0:00 
Marian Gaborik           0  0  0  -3  2   4  2  0  0  0  1/2    19:27   2:49   0:00 
Mark Streit              0  0  0  -2  0   3  0  0  0  0  0/0    24:01   3:25   3:58 
Markus Granlund          0  0  0   0  0   0  0  0  0  0  6/14    8:30   0:00   5:33 
Mason Raymond            0  0  0   0  0   0  0  0  0  0  1/5    13:24   0:13   5:33 
Riley Nash               0  0  0   0  0   0  0  0  0  0  8/14   10:26   0:00   2:48 
Ronalds Kenins           0  0  0   0  0   0  0  0  0  0  0/0     2:57   0:00   0:00 
Sven Baertschi           0  0  0   0  0   0  0  0  0  0  0/1    21:23   2:55   0:00 
Tanner Pearson           0  0  0   0  0   4  1  0  0  0  0/0    21:23   2:55   0:00 
Taylor Fedun             0  0  0  -1  0   0  0  0  0  0  0/0    11:21   2:32   0:00 

Players Stats for Oilers

Player Name              G  A  P  +/- PIM S  H  SB GA TA FO     MP     PP MP  PK MP  
------------------------------------------------------------------------------------
Aleksander Barkov        1  0  1   1  0   6  2  1  0  0  20/30  19:52   4:06   0:32 
Alex Petrovic            0  0  0  -1  5   0  4  0  0  0  0/0    11:44   0:00   2:43 
Blake Wheeler            0  1  1   3  0   6  1  0  0  0  1/2    23:13   4:15   0:00 
Brad Marchand            1  1  2   3  0   6  1  0  0  0  1/4    26:13   4:15   1:27 
Brent Burns              1  2  3   4  0   1  3  1  0  0  0/0    23:21   4:25   0:00 
Dominic Moore            0  0  0   0  0   0  0  0  0  0  4/12    4:43   0:00   3:10 
Francois Beauchemin      1  1  2   4  0   2  4  2  0  0  0/0    27:44   4:25   2:17 
Jannik Hansen            0  1  1   1  0   3  0  0  0  0  1/4    21:29   4:06   2:27 
Jori Lehtera             0  1  1   0  0   0  2  0  0  0  6/16   13:40   0:00   2:15 
Justin Williams          0  1  1   1  0   3  0  0  0  0  0/2    19:02   4:06   0:00 
Marc-Edouard Vlasic      0  0  0   0  0   1  0  0  0  0  0/0    18:29   3:56   0:00 
Marco Scandella          0  0  0   0  0   0  2  1  0  0  0/0    21:43   3:56   3:14 
Matt Read                0  0  0  -1  2   2  3  0  0  0  0/0    10:14   0:00   0:00 
Matthew Nieto            0  0  0   0  0   0  0  0  0  0  0/0     0:00   0:00   0:00 
Michael Grabner          0  0  0  -1  0   0  1  0  0  0  0/1    12:18   0:00   2:03 
Nicklas Grossmann        0  0  0   0  2   0  0  1  0  0  0/0     6:42   0:00   2:15 
Ryan Getzlaf             1  1  2   2  7   4  3  1  0  0  19/35  22:17   4:15   0:00 
Zbynek Michalek          0  0  0  -1  0   0  0  1  0  0  0/0    11:14   0:00   1:25 

3 Stars

1 - Brent Burns (EDM)
2 - Francois Beauchemin (EDM)
3 - Brad Marchand (EDM)

Power Play

Wild - 0 on 3 Attempt(s) - 0.00%
Oilers - 1 on 5 Attempt(s) - 20.00%

Penalty Kill

Wild - 4 on 5 Attempt(s) - 80.00% - Score 0 goal in Penalty Kill
Oilers - 3 on 3 Attempt(s) - 100.00% - Score 0 goal in Penalty Kill

Team Stat

Wild - Hits : 15 - Faceoff Wins : 54 - Blocked Shots : 3 - Penalty Minutes : 20
Oilers - Hits : 26 - Faceoff Wins : 52 - Blocked Shots : 8 - Penalty Minutes : 16

Official

Referees : Evgeny Romasko and Dave Lewis
Linesman : Greg Devorski and Shandor Alphonso

Game Notes

Alex Petrovic and Jimmy Hayes fight to a draw at 1:42 of 2nd period
Alex Biega beats up Ryan Getzlaf at 15:54 of 3rd period

Finance

Level 1 -- Attendance: 5921 (91.09%) -- Ticket Income $550,653
Level 2 -- Attendance: 5000 (100.00%) -- Ticket Income $365,000
Level 3 -- Attendance: 2343 (66.94%) -- Ticket Income $152,295
Level 4 -- Attendance: 839 (100.00%) -- Ticket Income $52,018
Luxury Box -- Attendance: 988 (98.80%) -- Ticket Income $192,660
Game was played at the Rexall Place.
Total Attendance: 15091 (89.62%)
Total Ticket Income: $1,312,626
Other Income: $196,894
Total Income: $1,509,520

% Time on Ice - Wild

Lines # - Real PCT - Wanted PCT - Time Play
Normal Forward
1 - 40% - 42% - 18:28
2 - 36% - 38% - 16:39
3 - 17% - 17% - 7:38
4 - 6% - 3% - 2:57
Normal Defense
1 - 44% - 43% - 20:15
2 - 36% - 37% - 16:38
3 - 19% - 15% - 8:49
4 - 0% - 5% - 0:00
PP Forward
1 - 49% - 50% - 2:55
2 - 51% - 50% - 3:02
PP Defense
1 - 57% - 50% - 3:25
2 - 43% - 50% - 2:32
PK Forward
1 - 66% - 58% - 5:33
2 - 34% - 42% - 2:48
PK Defense
1 - 48% - 53% - 3:58
2 - 52% - 47% - 4:23
PK3 Forward
1 - 0% - 50%
2 - 0% - 50%
PK3 Defense
1 - 0% - 55%
2 - 0% - 45%
44 Forward
1 - 0% - 55%
2 - 0% - 45%
44 Defense
1 - 0% - 55%
2 - 0% - 45%
Last Minute Offensive  - 0:00
Last Minute Defensive  - 0:00
Total
Forward - 60:00
Defense - 60:00

% Time on Ice - Oilers

Lines # - Real PCT - Wanted PCT - Time Play
Normal Forward
1 - 42% - 40% - 18:58
2 - 33% - 30% - 14:56
3 - 22% - 20% - 10:15
4 - 3% - 10% - 1:33
Normal Defense
1 - 39% - 40% - 17:57
2 - 32% - 30% - 14:33
3 - 21% - 20% - 9:49
4 - 7% - 10% - 3:23
PP Forward
1 - 51% - 55% - 4:15
2 - 49% - 45% - 4:06
PP Defense
1 - 53% - 50% - 4:25
2 - 47% - 50% - 3:56
PK Forward
1 - 62% - 60% - 3:42
2 - 38% - 40% - 2:15
PK Defense
1 - 46% - 60% - 2:43
2 - 54% - 40% - 3:14
PK3 Forward
1 - 0% - 50%
2 - 0% - 50%
PK3 Defense
1 - 0% - 50%
2 - 0% - 50%
44 Forward
1 - 0% - 60%
2 - 0% - 40%
44 Defense
1 - 0% - 60%
2 - 0% - 40%
Last Minute Offensive  - 0:00
Last Minute Defensive  - 0:00
Total
Forward - 60:00
Defense - 60:00

Play by Play

1st period


0:01 of 1st period - Jason Spezza wins face-off versus Ryan Getzlaf in neutral zone.
0:01 of 1st period - Jason Spezza is hit by Ryan Getzlaf.
0:15 of 1st period - Carl Gunnarsson is hit by Ryan Getzlaf and loses puck.
0:26 of 1st period - Shot by Brad Marchand.
0:26 of 1st period - Shot Misses the Net.
0:35 of 1st period - Icing by Alexander Edler.
0:36 of 1st period - Jannik Hansen wins face-off versus Jason Spezza in Wild zone.
1:01 of 1st period - Shot by Justin Williams.
1:01 of 1st period - Stopped by Ryan Miller without a rebound.
1:02 of 1st period - Eric Staal wins face-off versus Jori Lehtera in Wild zone.
1:02 of 1st period - Eric Staal is hit by Michael Grabner.
1:10 of 1st period - Jori Lehtera is hit by Jeff Petry and loses puck.
1:11 of 1st period - Minor Penalty to Jeff Petry for Roughing.
1:12 of 1st period - Markus Granlund wins face-off versus Ryan Getzlaf in Wild zone.
1:44 of 1st period - Shot by Brad Marchand.
1:44 of 1st period - Shot Misses the Net.
1:56 of 1st period - Shot by Blake Wheeler.
1:56 of 1st period - Deflect By Ryan Getzlaf.
1:56 of 1st period - Shot Misses the Net.
1:58 of 1st period - Shot by Ryan Getzlaf.
1:58 of 1st period - Stopped by Ryan Miller without a rebound.
1:59 of 1st period - Riley Nash wins face-off versus Aleksander Barkov in Wild zone.
2:13 of 1st period - Icing by Jannik Hansen.
2:14 of 1st period - Riley Nash wins face-off versus Aleksander Barkov in Oilers zone.
2:17 of 1st period - Shot by Riley Nash.
2:17 of 1st period - Shot Misses the Net.
2:33 of 1st period - Off-side.
2:34 of 1st period - Ryan Getzlaf wins face-off versus Riley Nash in neutral zone.
2:53 of 1st period - Shot by Blake Wheeler.
2:53 of 1st period - Shot Misses the Net.
2:55 of 1st period - Shot by Brent Burns.
2:55 of 1st period - Shot Misses the Net.
2:57 of 1st period - Shot by Francois Beauchemin.
2:57 of 1st period - Shot Misses the Net.
3:15 of 1st period - Shot by Justin Williams.
3:15 of 1st period - Stopped by Ryan Miller with a rebound.
3:26 of 1st period - Minor Penalty to Alexander Edler for High sticking.
3:27 of 1st period - Aleksander Barkov wins face-off versus Markus Granlund in Wild zone.
3:40 of 1st period - Shot by Marc-Edouard Vlasic.
3:40 of 1st period - Shot Misses the Net.
3:42 of 1st period - Shot by Justin Williams.
3:42 of 1st period - Deflect By Aleksander Barkov.
3:42 of 1st period - Shot Misses the Net.
3:44 of 1st period - Shot by Marc-Edouard Vlasic.
3:44 of 1st period - Stopped by Ryan Miller without a rebound.
3:45 of 1st period - Ryan Getzlaf wins face-off versus Markus Granlund in Wild zone.
3:48 of 1st period - Shot by Brad Marchand.
3:48 of 1st period - Stopped by Ryan Miller without a rebound.
3:49 of 1st period - Ryan Getzlaf wins face-off versus Markus Granlund in Wild zone.
4:14 of 1st period - Off-side.
4:15 of 1st period - Markus Granlund wins face-off versus Aleksander Barkov in neutral zone.
4:27 of 1st period - Icing by Brent Burns.
4:28 of 1st period - Aleksander Barkov wins face-off versus Mason Raymond in Oilers zone.
5:27 of 1st period - Shot by Ryan Getzlaf.
5:27 of 1st period - Stopped by Ryan Miller without a rebound.
5:28 of 1st period - Brad Marchand wins face-off versus Eric Staal in Wild zone.
6:05 of 1st period - Icing by Marco Scandella.
6:06 of 1st period - Ryan Getzlaf wins face-off versus Jason Spezza in Oilers zone.
6:21 of 1st period - Off-side.
6:22 of 1st period - Aleksander Barkov wins face-off versus Riley Nash in neutral zone.
6:36 of 1st period - Icing by Alexander Edler.
6:37 of 1st period - Jori Lehtera wins face-off versus Riley Nash in Wild zone.
6:56 of 1st period - Alexander Edler is hit by Jori Lehtera.
7:25 of 1st period - Shot by Tanner Pearson.
7:25 of 1st period - Stopped by Martin Jones without a rebound.
7:26 of 1st period - Ryan Getzlaf wins face-off versus Eric Staal in Oilers zone.
7:37 of 1st period - Shot by Eric Staal.
7:37 of 1st period - Stopped by Martin Jones with a rebound.
7:57 of 1st period - Shot by Brad Marchand.
7:57 of 1st period - Goal by Brad Marchand - Wild : 0 - Oilers : 1.
7:58 of 1st period - Aleksander Barkov wins face-off versus Jason Spezza in neutral zone.
8:15 of 1st period - Shot by Justin Williams.
8:15 of 1st period - Shot Misses the Net.
8:17 of 1st period - Shot by Justin Williams.
8:17 of 1st period - Shot Misses the Net.
8:33 of 1st period - Shot by Aleksander Barkov.
8:33 of 1st period - Stopped by Ryan Miller without a rebound.
8:34 of 1st period - Ryan Getzlaf wins face-off versus Eric Staal in Wild zone.
8:54 of 1st period - Icing by Taylor Fedun.
8:55 of 1st period - Marian Gaborik wins face-off versus Jori Lehtera in Wild zone.
8:55 of 1st period - Marian Gaborik is hit by Matt Read.
8:58 of 1st period - Taylor Fedun is hit by Matt Read and loses puck.
9:24 of 1st period - Minor Penalty to Matt Read for High sticking.
9:25 of 1st period - Jason Spezza wins face-off versus Dominic Moore in Oilers zone.
9:54 of 1st period - Shot by Jason Spezza.
9:54 of 1st period - Deflect By Tanner Pearson.
9:54 of 1st period - Stopped by Martin Jones without a rebound.
9:55 of 1st period - Eric Staal wins face-off versus Dominic Moore in Oilers zone.
11:26 of 1st period - Shot by Tanner Pearson.
11:26 of 1st period - Shot Misses the Net.
11:40 of 1st period - Shot by Brad Marchand.
11:40 of 1st period - Shot Misses the Net.
11:52 of 1st period - Carl Gunnarsson is hit by Blake Wheeler and loses puck.
12:03 of 1st period - Shot by Brad Marchand.
12:03 of 1st period - Shot Blocked by Alexander Edler.
12:05 of 1st period - Shot by Ryan Getzlaf.
12:05 of 1st period - Deflect By Blake Wheeler.
12:05 of 1st period - Stopped by Ryan Miller without a rebound.
12:06 of 1st period - Markus Granlund wins face-off versus Aleksander Barkov in Wild zone.
12:15 of 1st period - Shot by Markus Granlund.
12:15 of 1st period - Shot Misses the Net.
12:17 of 1st period - Shot by Mark Streit.
12:17 of 1st period - Deflect By Colin McDonald.
12:17 of 1st period - Shot Blocked by Zbynek Michalek.
12:19 of 1st period - Shot by Markus Granlund.
12:19 of 1st period - Shot Misses the Net.
14:00 of 1st period - Shot by Brad Marchand.
14:00 of 1st period - Shot Misses the Net.
14:02 of 1st period - Shot by Brad Marchand.
14:02 of 1st period - Shot Misses the Net.
14:10 of 1st period - Shot by Ryan Getzlaf.
14:10 of 1st period - Shot Hit the Post.
14:57 of 1st period - Shot by Justin Williams.
14:57 of 1st period - Shot Misses the Net.
14:59 of 1st period - Shot by Aleksander Barkov.
14:59 of 1st period - Stopped by Ryan Miller without a rebound.
15:00 of 1st period - Jori Lehtera wins face-off versus Eric Staal in Wild zone.
15:03 of 1st period - Shot by Michael Grabner.
15:03 of 1st period - Shot Misses the Net.
15:05 of 1st period - Shot by Michael Grabner.
15:05 of 1st period - Deflect By Matt Read.
15:05 of 1st period - Stopped by Ryan Miller without a rebound.
15:06 of 1st period - Eric Staal wins face-off versus Jori Lehtera in Wild zone.
15:10 of 1st period - Icing by Marian Gaborik.
15:11 of 1st period - Jori Lehtera wins face-off versus Eric Staal in Wild zone.
16:00 of 1st period - Marian Gaborik is hit by Francois Beauchemin.
16:38 of 1st period - Minor Penalty to Ryan Getzlaf for Holding.
16:39 of 1st period - Dominic Moore wins face-off versus Eric Staal in Oilers zone.
17:24 of 1st period - Shot by Brad Marchand.
17:24 of 1st period - Shot Misses the Net.
17:36 of 1st period - Shot by Taylor Fedun.
17:36 of 1st period - Shot Blocked by Aleksander Barkov.
18:07 of 1st period - Shot by Mark Streit.
18:07 of 1st period - Stopped by Martin Jones without a rebound.
18:08 of 1st period - Eric Staal wins face-off versus Jori Lehtera in Oilers zone.
18:35 of 1st period - Shot by Alexander Edler.
18:35 of 1st period - Deflect By Marian Gaborik.
18:35 of 1st period - Stopped by Martin Jones without a rebound.
18:36 of 1st period - Dominic Moore wins face-off versus Jason Spezza in Oilers zone.
18:36 of 1st period - Dominic Moore is hit by Tanner Pearson.
18:59 of 1st period - Shot by Jimmy Hayes.
18:59 of 1st period - Shot Misses the Net.
19:04 of 1st period - Icing by Aleksander Barkov.
19:05 of 1st period - Aleksander Barkov wins face-off versus Markus Granlund in Oilers zone.
Goals for this period are 0 for Wild vs 1 for Oilers.
Shots for this period are 5 for Wild vs 11 for Oilers.

2nd period


0:01 of 2nd period - Jason Spezza wins face-off versus Ryan Getzlaf in neutral zone.
1:26 of 2nd period - Shot by Jason Pominville.
1:26 of 2nd period - Stopped by Martin Jones without a rebound.
1:27 of 2nd period - Jori Lehtera wins face-off versus Riley Nash in Oilers zone.
1:27 of 2nd period - Jori Lehtera is hit by Jimmy Hayes.
1:38 of 2nd period - Jori Lehtera is hit by Alex Biega and loses puck.
1:42 of 2nd period - Alex Petrovic and Jimmy Hayes fight to a draw.
1:42 of 2nd period - Penalty to Alex Petrovic for Fighting.
1:42 of 2nd period - Penalty to Jimmy Hayes for Fighting.
1:43 of 2nd period - Aleksander Barkov wins face-off versus Markus Granlund in Wild zone.
1:44 of 2nd period - Shot by Jannik Hansen.
1:44 of 2nd period - Stopped by Ryan Miller without a rebound.
1:45 of 2nd period - Aleksander Barkov wins face-off versus Jason Spezza in Wild zone.
2:07 of 2nd period - Shot by Jason Spezza.
2:07 of 2nd period - Stopped by Martin Jones without a rebound.
2:08 of 2nd period - Eric Staal wins face-off versus Ryan Getzlaf in Oilers zone.
2:30 of 2nd period - Icing by Ryan Getzlaf.
2:31 of 2nd period - Ryan Getzlaf wins face-off versus Jason Spezza in Oilers zone.
2:38 of 2nd period - Shot by Blake Wheeler.
2:38 of 2nd period - Stopped by Ryan Miller with a rebound.
2:40 of 2nd period - Shot by Marc-Edouard Vlasic.
2:40 of 2nd period - Shot Misses the Net.
2:54 of 2nd period - Shot by Blake Wheeler.
2:54 of 2nd period - Stopped by Ryan Miller without a rebound.
2:55 of 2nd period - Aleksander Barkov wins face-off versus Eric Staal in Wild zone.
2:59 of 2nd period - Jannik Hansen is hit by Carl Gunnarsson and loses puck.
3:18 of 2nd period - Francois Beauchemin is hit by Jason Pominville and loses puck.
3:37 of 2nd period - Shot by Eric Staal.
3:37 of 2nd period - Stopped by Martin Jones without a rebound.
3:38 of 2nd period - Jason Spezza wins face-off versus Ryan Getzlaf in Oilers zone.
4:38 of 2nd period - Shot by Matt Read.
4:38 of 2nd period - Shot Misses the Net.
5:09 of 2nd period - Shot by Michael Grabner.
5:09 of 2nd period - Shot Misses the Net.
5:11 of 2nd period - Shot by Matt Read.
5:11 of 2nd period - Shot Misses the Net.
5:18 of 2nd period - Icing by Mark Streit.
5:19 of 2nd period - Jason Spezza wins face-off versus Aleksander Barkov in Wild zone.
5:32 of 2nd period - Icing by Mark Streit.
5:33 of 2nd period - Ryan Getzlaf wins face-off versus Jason Spezza in Wild zone.
5:44 of 2nd period - Shot by Ryan Getzlaf.
5:44 of 2nd period - Stopped by Ryan Miller without a rebound.
5:45 of 2nd period - Aleksander Barkov wins face-off versus Eric Staal in Wild zone.
6:00 of 2nd period - Shot by Aleksander Barkov.
6:00 of 2nd period - Goal by Aleksander Barkov - Wild : 0 - Oilers : 2.
6:01 of 2nd period - Ryan Getzlaf wins face-off versus Mason Raymond in neutral zone.
6:23 of 2nd period - Icing by Marco Scandella.
6:24 of 2nd period - Blake Wheeler wins face-off versus Markus Granlund in Oilers zone.
6:24 of 2nd period - Blake Wheeler is hit by Colin McDonald.
7:13 of 2nd period - Icing by Brent Burns.
7:14 of 2nd period - Eric Staal wins face-off versus Aleksander Barkov in Oilers zone.
7:30 of 2nd period - Shot by Jason Pominville.
7:30 of 2nd period - The goal is going for a video replay.
7:30 of 2nd period - The goal is refused.
7:31 of 2nd period - Riley Nash wins face-off versus Michael Grabner in Oilers zone.
8:11 of 2nd period - Alex Petrovic is hit by Jimmy Hayes and loses puck.
8:26 of 2nd period - Matt Read is hit by Marian Gaborik and loses puck.
9:02 of 2nd period - Michael Grabner is hit by Eric Staal and loses puck.
9:15 of 2nd period - Taylor Fedun is hit by Jori Lehtera and loses puck.
9:44 of 2nd period - Shot by Jason Spezza.
9:44 of 2nd period - Deflect By Tanner Pearson.
9:44 of 2nd period - Shot Misses the Net.
10:24 of 2nd period - Shot by Aleksander Barkov.
10:24 of 2nd period - Stopped by Ryan Miller without a rebound.
10:25 of 2nd period - Aleksander Barkov wins face-off versus Riley Nash in Wild zone.
11:06 of 2nd period - Shot by Jannik Hansen.
11:06 of 2nd period - Stopped by Ryan Miller without a rebound.
11:07 of 2nd period - Eric Staal wins face-off versus Dominic Moore in Wild zone.
11:07 of 2nd period - Jason Pominville is hit by Brent Burns and loses puck.
11:20 of 2nd period - Shot by Mark Streit.
11:20 of 2nd period - Stopped by Martin Jones without a rebound.
11:21 of 2nd period - Ryan Getzlaf wins face-off versus Jason Spezza in Oilers zone.
12:00 of 2nd period - Shot by Tanner Pearson.
12:00 of 2nd period - Stopped by Martin Jones with a rebound.
12:02 of 2nd period - Shot by Tanner Pearson.
12:02 of 2nd period - Shot Blocked by Nicklas Grossmann.
12:17 of 2nd period - Minor Penalty to Nicklas Grossmann for Hooking.
12:18 of 2nd period - Eric Staal wins face-off versus Dominic Moore in Oilers zone.
12:18 of 2nd period - Jason Pominville is hit by Alex Petrovic and loses puck.
12:34 of 2nd period - Icing by Jason Pominville.
12:35 of 2nd period - Eric Staal wins face-off versus Dominic Moore in Wild zone.
12:46 of 2nd period - Shot by Marian Gaborik.
12:46 of 2nd period - Shot Blocked by Francois Beauchemin.
13:44 of 2nd period - Shot by Taylor Fedun.
13:44 of 2nd period - Shot Misses the Net.
14:22 of 2nd period - Shot by Ryan Getzlaf.
14:22 of 2nd period - Shot Misses the Net.
14:34 of 2nd period - Shot by Brad Marchand.
14:34 of 2nd period - Stopped by Ryan Miller without a rebound.
14:35 of 2nd period - Ryan Getzlaf wins face-off versus Markus Granlund in Wild zone.
14:39 of 2nd period - Shot by Brad Marchand.
14:39 of 2nd period - Stopped by Ryan Miller with a rebound.
14:45 of 2nd period - Shot by Blake Wheeler.
14:45 of 2nd period - Stopped by Ryan Miller without a rebound.
14:46 of 2nd period - Eric Staal wins face-off versus Dominic Moore in Wild zone.
14:46 of 2nd period - Eric Staal is hit by Brad Marchand.
14:55 of 2nd period - Eric Staal is hit by Marco Scandella and loses puck.
15:03 of 2nd period - Icing by Marco Scandella.
15:04 of 2nd period - Riley Nash wins face-off versus Dominic Moore in Oilers zone.
15:18 of 2nd period - Icing by Alexander Edler.
15:19 of 2nd period - Mason Raymond wins face-off versus Jannik Hansen in Wild zone.
15:21 of 2nd period - Icing by Riley Nash.
15:22 of 2nd period - Jimmy Hayes wins face-off versus Justin Williams in Wild zone.
15:38 of 2nd period - Off-side.
15:39 of 2nd period - Eric Staal wins face-off versus Ryan Getzlaf in neutral zone.
15:51 of 2nd period - Marian Gaborik is hit by Alex Petrovic and loses puck.
15:54 of 2nd period - Shot by Jason Pominville.
15:54 of 2nd period - Stopped by Martin Jones without a rebound.
15:55 of 2nd period - Aleksander Barkov wins face-off versus Jason Spezza in Oilers zone.
16:05 of 2nd period - Icing by Alexander Edler.
16:06 of 2nd period - Jason Spezza wins face-off versus Ryan Getzlaf in Wild zone.
16:35 of 2nd period - Icing by Francois Beauchemin.
16:36 of 2nd period - Jason Pominville wins face-off versus Ryan Getzlaf in Oilers zone.
17:20 of 2nd period - Eric Staal is hit by Marco Scandella and loses puck.
17:28 of 2nd period - Icing by Marc-Edouard Vlasic.
17:29 of 2nd period - Aleksander Barkov wins face-off versus Sven Baertschi in Oilers zone.
18:49 of 2nd period - Icing by Carl Gunnarsson.
18:50 of 2nd period - Ryan Getzlaf wins face-off versus Jason Spezza in Wild zone.
18:53 of 2nd period - Shot by Ryan Getzlaf.
18:53 of 2nd period - Deflect By Blake Wheeler.
18:53 of 2nd period - Stopped by Ryan Miller without a rebound.
18:54 of 2nd period - Eric Staal wins face-off versus Blake Wheeler in Wild zone.
18:56 of 2nd period - Icing by Jason Pominville.
18:57 of 2nd period - Eric Staal wins face-off versus Ryan Getzlaf in Wild zone.
Goals for this period are 0 for Wild vs 1 for Oilers.
Shots for this period are 7 for Wild vs 11 for Oilers.

3rd period


0:01 of 3rd period - Dominic Moore wins face-off versus Eric Staal in neutral zone.
0:13 of 3rd period - Off-side.
0:14 of 3rd period - Aleksander Barkov wins face-off versus Jason Spezza in neutral zone.
0:31 of 3rd period - Icing by Marco Scandella.
0:32 of 3rd period - Aleksander Barkov wins face-off versus Eric Staal in Oilers zone.
0:51 of 3rd period - Shot by Aleksander Barkov.
0:51 of 3rd period - Stopped by Ryan Miller without a rebound.
0:51 of 3rd period - Minor Penalty to Ryan Miller for Slashing.
0:52 of 3rd period - Markus Granlund wins face-off versus Ryan Getzlaf in Wild zone.
1:00 of 3rd period - Off-side.
1:01 of 3rd period - Ryan Getzlaf wins face-off versus Markus Granlund in neutral zone.
1:16 of 3rd period - Shot by Francois Beauchemin.
1:16 of 3rd period - Goal by Francois Beauchemin - Wild : 0 - Oilers : 3.
1:17 of 3rd period - Eric Staal wins face-off versus Aleksander Barkov in neutral zone.
1:24 of 3rd period - Shot by Jason Pominville.
1:24 of 3rd period - Shot Misses the Net.
1:50 of 3rd period - Off-side.
1:51 of 3rd period - Jason Spezza wins face-off versus Ryan Getzlaf in neutral zone.
2:04 of 3rd period - Shot by Tanner Pearson.
2:04 of 3rd period - Stopped by Martin Jones without a rebound.
2:05 of 3rd period - Jori Lehtera wins face-off versus Mason Raymond in Oilers zone.
2:12 of 3rd period - Shot by Jori Lehtera.
2:12 of 3rd period - Shot Misses the Net.
2:21 of 3rd period - Minor Penalty to Jimmy Hayes for High sticking.
2:22 of 3rd period - Markus Granlund wins face-off versus Ryan Getzlaf in Wild zone.
2:45 of 3rd period - Shot by Marc-Edouard Vlasic.
2:45 of 3rd period - Deflect By Brad Marchand.
2:45 of 3rd period - Shot Misses the Net.
2:47 of 3rd period - Shot by Blake Wheeler.
2:47 of 3rd period - Shot Blocked by Alexander Edler.
4:31 of 3rd period - Shot by Michael Grabner.
4:31 of 3rd period - Deflect By Matt Read.
4:31 of 3rd period - Shot Misses the Net.
4:41 of 3rd period - Off-side.
4:42 of 3rd period - Eric Staal wins face-off versus Jori Lehtera in neutral zone.
5:04 of 3rd period - Shot by Eric Staal.
5:04 of 3rd period - Stopped by Martin Jones with a rebound.
5:06 of 3rd period - Shot by Marian Gaborik.
5:06 of 3rd period - Stopped by Martin Jones with a rebound.
5:08 of 3rd period - Shot by Jason Pominville.
5:08 of 3rd period - Stopped by Martin Jones without a rebound.
5:09 of 3rd period - Ryan Getzlaf wins face-off versus Jason Spezza in Oilers zone.
5:28 of 3rd period - Shot by Jason Spezza.
5:28 of 3rd period - Stopped by Martin Jones without a rebound.
5:29 of 3rd period - Eric Staal wins face-off versus Aleksander Barkov in Oilers zone.
5:32 of 3rd period - Shot by Marian Gaborik.
5:32 of 3rd period - Deflect By Eric Staal.
5:32 of 3rd period - Stopped by Martin Jones without a rebound.
5:33 of 3rd period - Eric Staal wins face-off versus Brad Marchand in Oilers zone.
5:33 of 3rd period - Eric Staal is hit by Francois Beauchemin.
5:35 of 3rd period - Shot by Marian Gaborik.
5:35 of 3rd period - Stopped by Martin Jones without a rebound.
5:36 of 3rd period - Jason Spezza wins face-off versus Brad Marchand in Oilers zone.
5:38 of 3rd period - Tanner Pearson is hit by Brent Burns and loses puck.
5:41 of 3rd period - Shot by Carl Gunnarsson.
5:41 of 3rd period - Shot Misses the Net.
5:43 of 3rd period - Shot by Alexander Edler.
5:43 of 3rd period - Stopped by Martin Jones without a rebound.
5:44 of 3rd period - Ryan Getzlaf wins face-off versus Marian Gaborik in Oilers zone.
6:08 of 3rd period - Alexander Edler is hit by Ryan Getzlaf and loses puck.
6:12 of 3rd period - Icing by Alexander Edler.
6:13 of 3rd period - Aleksander Barkov wins face-off versus Eric Staal in Wild zone.
6:31 of 3rd period - Shot by Eric Staal.
6:31 of 3rd period - Deflect By Marian Gaborik.
6:31 of 3rd period - Shot Blocked by Marco Scandella.
7:18 of 3rd period - Shot by Tanner Pearson.
7:18 of 3rd period - Deflect By Jason Spezza.
7:18 of 3rd period - Stopped by Martin Jones without a rebound.
7:19 of 3rd period - Ryan Getzlaf wins face-off versus Riley Nash in Oilers zone.
7:43 of 3rd period - Taylor Fedun is hit by Francois Beauchemin.
8:10 of 3rd period - Jimmy Hayes is hit by Francois Beauchemin and loses puck.
8:37 of 3rd period - Shot by Eric Staal.
8:37 of 3rd period - Shot Misses the Net.
8:39 of 3rd period - Shot by Jason Pominville.
8:39 of 3rd period - Deflect By Eric Staal.
8:39 of 3rd period - Goal by Eric Staal - Wild : 1 - Oilers : 3.
8:40 of 3rd period - Jason Spezza wins face-off versus Jori Lehtera in neutral zone.
8:52 of 3rd period - Icing by Michael Grabner.
8:53 of 3rd period - Eric Staal wins face-off versus Jori Lehtera in Oilers zone.
9:16 of 3rd period - Shot by Matt Read.
9:16 of 3rd period - Stopped by Ryan Miller without a rebound.
9:17 of 3rd period - Aleksander Barkov wins face-off versus Jason Spezza in Wild zone.
9:31 of 3rd period - Off-side.
9:32 of 3rd period - Dominic Moore wins face-off versus Eric Staal in neutral zone.
9:51 of 3rd period - Shot by Brad Marchand.
9:51 of 3rd period - Stopped by Ryan Miller without a rebound.
9:52 of 3rd period - Jason Spezza wins face-off versus Aleksander Barkov in Wild zone.
9:52 of 3rd period - Jason Spezza is hit by Aleksander Barkov.
10:15 of 3rd period - Justin Williams is hit by Jeff Petry and loses puck.
10:20 of 3rd period - Shot by Aleksander Barkov.
10:20 of 3rd period - Shot Misses the Net.
10:22 of 3rd period - Shot by Jannik Hansen.
10:22 of 3rd period - Shot Misses the Net.
10:34 of 3rd period - Shot by Aleksander Barkov.
10:34 of 3rd period - Deflect By Jannik Hansen.
10:34 of 3rd period - Stopped by Ryan Miller without a rebound.
10:35 of 3rd period - Ryan Getzlaf wins face-off versus Eric Staal in Wild zone.
11:01 of 3rd period - Shot by Jason Pominville.
11:01 of 3rd period - Shot Blocked by Brent Burns.
11:03 of 3rd period - Shot by Eric Staal.
11:03 of 3rd period - Stopped by Martin Jones without a rebound.
11:04 of 3rd period - Riley Nash wins face-off versus Jori Lehtera in Oilers zone.
11:08 of 3rd period - Riley Nash is hit by Alex Petrovic and loses puck.
11:14 of 3rd period - Off-side.
11:15 of 3rd period - Aleksander Barkov wins face-off versus Jason Spezza in neutral zone.
11:22 of 3rd period - Shot by Tanner Pearson.
11:22 of 3rd period - Shot Misses the Net.
11:24 of 3rd period - Shot by Mark Streit.
11:24 of 3rd period - Stopped by Martin Jones without a rebound.
11:25 of 3rd period - Eric Staal wins face-off versus Ryan Getzlaf in Oilers zone.
11:34 of 3rd period - Shot by Eric Staal.
11:34 of 3rd period - Stopped by Martin Jones without a rebound.
11:35 of 3rd period - Jason Spezza wins face-off versus Ryan Getzlaf in Oilers zone.
11:41 of 3rd period - Icing by Brent Burns.
11:42 of 3rd period - Jason Spezza wins face-off versus Ryan Getzlaf in Oilers zone.
11:49 of 3rd period - Shot by Sven Baertschi.
11:49 of 3rd period - Shot Blocked by Francois Beauchemin.
11:58 of 3rd period - Icing by Carl Gunnarsson.
11:59 of 3rd period - Jason Spezza wins face-off versus Jannik Hansen in Wild zone.
12:21 of 3rd period - Shot by Aleksander Barkov.
12:21 of 3rd period - Stopped by Ryan Miller without a rebound.
12:22 of 3rd period - Ryan Getzlaf wins face-off versus Eric Staal in Wild zone.
12:29 of 3rd period - Shot by Ryan Getzlaf.
12:29 of 3rd period - Goal by Ryan Getzlaf - Wild : 1 - Oilers : 4.
12:30 of 3rd period - Ryan Getzlaf wins face-off versus Eric Staal in neutral zone.
13:01 of 3rd period - Minor Penalty to Marian Gaborik for Hooking.
13:02 of 3rd period - Aleksander Barkov wins face-off versus Mason Raymond in Wild zone.
14:11 of 3rd period - Icing by Brent Burns.
14:12 of 3rd period - Riley Nash wins face-off versus Ryan Getzlaf in Oilers zone.
14:13 of 3rd period - Shot by Alexander Edler.
14:13 of 3rd period - Stopped by Martin Jones without a rebound.
14:14 of 3rd period - Riley Nash wins face-off versus Brad Marchand in Oilers zone.
14:29 of 3rd period - Shot by Francois Beauchemin.
14:29 of 3rd period - Stopped by Ryan Miller without a rebound.
14:30 of 3rd period - Markus Granlund wins face-off versus Justin Williams in Wild zone.
15:07 of 3rd period - Shot by Jason Spezza.
15:07 of 3rd period - Shot Blocked by Ryan Getzlaf.
15:11 of 3rd period - Shot by Sven Baertschi.
15:11 of 3rd period - Shot Misses the Net.
15:15 of 3rd period - Shot by Jason Spezza.
15:15 of 3rd period - Shot Misses the Net.
15:30 of 3rd period - Shot by Tanner Pearson.
15:30 of 3rd period - Shot Misses the Net.
15:39 of 3rd period - Jason Spezza is hit by Brent Burns and loses puck.
15:54 of 3rd period - Alex Biega beats up Ryan Getzlaf.
15:54 of 3rd period - Penalty to Ryan Getzlaf for Fighting.
15:54 of 3rd period - Penalty to Alex Biega for Fighting.
15:55 of 3rd period - Eric Staal wins face-off versus Jannik Hansen in neutral zone.
16:03 of 3rd period - Marc-Edouard Vlasic is hit by Marian Gaborik and loses puck.
16:07 of 3rd period - Off-side.
16:08 of 3rd period - Riley Nash wins face-off versus Jori Lehtera in neutral zone.
16:08 of 3rd period - Riley Nash is hit by Matt Read.
16:27 of 3rd period - Riley Nash is hit by Alex Petrovic and loses puck.
16:41 of 3rd period - Icing by Zbynek Michalek.
16:42 of 3rd period - Jason Spezza wins face-off versus Jori Lehtera in Oilers zone.
16:50 of 3rd period - Jori Lehtera is hit by Alexander Edler and loses puck.
16:54 of 3rd period - Matt Read is hit by Alexander Edler and loses puck.
17:11 of 3rd period - Shot by Jason Spezza.
17:11 of 3rd period - Shot Misses the Net.
17:21 of 3rd period - Shot by Blake Wheeler.
17:21 of 3rd period - Stopped by Ryan Miller without a rebound.
17:22 of 3rd period - Aleksander Barkov wins face-off versus Eric Staal in Wild zone.
17:22 of 3rd period - Aleksander Barkov is hit by Jeff Petry.
17:30 of 3rd period - Shot by Justin Williams.
17:30 of 3rd period - Stopped by Ryan Miller without a rebound.
17:31 of 3rd period - Jori Lehtera wins face-off versus Eric Staal in Wild zone.
18:02 of 3rd period - Shot by Brad Marchand.
18:02 of 3rd period - Stopped by Ryan Miller with a rebound.
18:04 of 3rd period - Shot by Jori Lehtera.
18:04 of 3rd period - Shot Blocked by Jason Pominville.
18:06 of 3rd period - Shot by Brent Burns.
18:06 of 3rd period - Goal by Brent Burns - Wild : 1 - Oilers : 5.
18:07 of 3rd period - Aleksander Barkov wins face-off versus Jason Spezza in neutral zone.
18:10 of 3rd period - Carl Gunnarsson is hit by Aleksander Barkov and loses puck.
18:22 of 3rd period - Icing by Carl Gunnarsson.
18:23 of 3rd period - Jason Spezza wins face-off versus Dominic Moore in Wild zone.
18:34 of 3rd period - Shot by Jason Spezza.
18:34 of 3rd period - Stopped by Martin Jones without a rebound.
18:35 of 3rd period - Eric Staal wins face-off versus Aleksander Barkov in Oilers zone.
18:42 of 3rd period - Shot by Marian Gaborik.
18:42 of 3rd period - Stopped by Martin Jones with a rebound.
18:56 of 3rd period - Shot by Jason Pominville.
18:56 of 3rd period - Shot Misses the Net.
Goals for this period are 1 for Wild vs 3 for Oilers.
Shots for this period are 16 for Wild vs 12 for Oilers.